 Dungeon Crawl Stone Soup version 0.30-a0-358-g0d69a1922f (webtiles) character file.

Game seed: 2840825227688681542

398647 Bnni the Harbinger of Death (level 22, -3/204 (217) HPs)
             Began as a Minotaur Fighter on Nov 10, 2022.
             Was a Follower of Yredelemnul.
             Killed by divine providence
             ... invoked by a living spell
             ... summoned by a walking divine tome
              (18 damage)
             ... on level 3 of the Depths on Nov 11, 2022.
             The game lasted 02:19:54 (40891 turns).

Bnni the Harbinger of Death (Minotaur Fighter)     Turns: 40891, Time: 02:19:55

HP:   -3/204 (217)  AC: 55    Str: 29    XL:     22   Next: 23%
MP:   37/37         EV: 25    Int:  7    God:    Yredelemnul [*.....]
Gold: 6000          SH: 12    Dex: 12    Spells: 21/21 levels left

rFire   + + .      SeeInvis +    X - +8 demon trident "Rift" {distort, reach+}
rCold   + + .      Faith    .    V - +1 kite shield {rC+}
rNeg    . . .      Spirit   .    e - +14 crystal plate armour
rPois   .          Reflect  .    d - +2 hat
rElec   .          Harm     +    a - +1 cloak of Jixuv {Regen+}
rCorr   .          Rampage  .    K - +2 pair of gloves of the Gusle {Harm rF++ Regen+ Str+3 Dex-2}
Will    +....                    n - +0 pair of boots "Poacyegyst" {rC+}
Stlth   ..........               Q - amulet of the acrobat
HPRegen 2.14/turn                S - +4 ring of protection
MPRegen 0.25/turn                p - ring of see invisible

@: acrobatic, studying Shields, drained
A: horns 2, retaliatory headbutt
}: 2/15 runes: decaying, serpentine
a: Renounce Religion, Recall Undead Harvest


You were on level 3 of the Depths.
You worshipped Yredelemnul.
Yredelemnul was extremely pleased with you.
You visited 8 branches of the dungeon, and saw 36 of its levels.
You also visited: Gauntlet and Wizlab.

You collected 6289 gold pieces.
You spent 289 gold pieces at shops.

Inventory:

Hand Weapons
 A - a +2 bardiche of freezing
 X - the +8 demon trident "Rift" (weapon) {distort, reach+}
   (You found it in a Gauntlet)

   It warps and distorts space around it, and may blink, banish, or inflict
   extra damage upon those it strikes.
   Unwielding it can cause banishment or high damage.
   It can reach especially far, and its reaching attacks ignore other creatures
   in the way.
Missiles
 l - 9 javelins
 z - 16 curare-tipped darts (quivered)
 C - 3 throwing nets
 T - 8 silver javelins
Armour
 a - the +1 cloak of Jixuv (worn) {Regen+}
   (You found it in a wizard's laboratory)

   Regen:     It increases your rate of health regeneration.
 d - a +2 hat (worn)
 e - a +14 crystal plate armour (worn)
 n - the +0 pair of boots "Poacyegyst" (worn) {rC+}
   (You found it on level 1 of the Depths)

   rC:        It protects you from cold.
 K - the +2 pair of gloves of the Gusle (worn) {Harm rF++ Regen+ Str+3 Dex-2}
   (You found it in a wizard's laboratory)

   Str:       It affects your strength (+3).
   Dex:       It affects your dexterity (-2).
   rF:        It greatly protects you from fire.
   Regen:     It increases your rate of health regeneration.
   Harm:      It increases damage dealt and taken.
 V - a +1 kite shield of cold resistance (worn)
Jewellery
 p - a ring of see invisible (right hand)
 x - a ring of flight
 J - the ring "Kucuheng" {Wiz rC- rCorr Str+7}
   (You found it on level 14 of the Dungeon)

   [ring of wizardry]

   It improves your spell success rate.
   Str:       It affects your strength (+7).
   rC:        It makes you vulnerable to cold.
   rCorr:     It protects you from acid and corrosion.
 P - a ring of protection from fire
 Q - an amulet of the acrobat (around neck)
 S - a +4 ring of protection (left hand)
 U - a ring of poison resistance
Wands
 H - a wand of mindburst (44)
 N - a wand of roots (27)
 O - a wand of acid (19)
 Y - a wand of digging (12)
Scrolls
 b - 7 scrolls of vulnerability
 f - 5 scrolls of summoning
 h - 11 scrolls of magic mapping
 j - 2 scrolls of brand weapon
 k - 5 scrolls of enchant weapon
 m - 2 scrolls of poison
 o - 13 scrolls of fog
 v - 11 scrolls of teleportation
 y - 7 scrolls of blinking
 B - 2 scrolls of amnesia
 F - 9 scrolls of fear
 R - 3 scrolls of silence
Potions
 c - 4 potions of haste
 g - a potion of flight
 i - 9 potions of mutation
 r - 7 potions of attraction
 s - a potion of heal wounds
 u - 3 potions of berserk rage
 w - 3 potions of invisibility
 D - 7 potions of curing
 E - 4 potions of cancellation
 G - a potion of brilliance
 I - 2 potions of resistance
 L - 4 potions of lignification
 M - 4 potions of might
 Z - 5 potions of magic
Miscellaneous
 t - a tin of tremorstones (2/2)


   Skills:
 + Level 22.6 Fighting
 - Level 19.0 Polearms
 + Level 19.6 Armour
 - Level 11.8 Dodging
 + Level 11.4 Shields
 * Level 24.3 Invocations


You had 21 spell levels left.
You didn't know any spells.
Your spell library contained the following spells:

 Spells                   Type           Power      Damage    Failure   Level
 Freeze                   Ice            0%         1d3       100%        1
 Kiss of Death            Conj/Necr      0%         2d5       100%        1
 Magic Dart               Conj           0%         1d3       100%        1
 Necrotise                Necr           0%         1d4       100%        1
 Summon Small Mammal      Summ           0%         N/A       100%        1
 Blink                    Tloc           0%         N/A       100%        2
 Call Imp                 Summ           0%         N/A       100%        2
 Cigotuvi's Dreadful Rot  Necr/Pois/Air  0%         N/A       100%        2
 Ensorcelled Hibernation  Hex/Ice        0%         N/A       100%        2
 Sublimation of Blood     Necr           0%         N/A       100%        2
 Call Canine Familiar     Summ           0%         N/A       100%        3
 Confusing Touch          Hex            0%         N/A       100%        3
 Dazzling Flash           Conj/Hex       0%         N/A       100%        3
 Frozen Ramparts          Ice            0%         1d1       100%        3
 Gell's Gravitas          Tloc           0%         N/A       100%        3
 Hailstorm                Conj/Ice       0%         3d3       100%        3
 Inner Flame              Hex/Fire       0%         N/A       100%        3
 Mephitic Cloud           Conj/Pois/Air  0%         N/A       100%        3
 Ozocubu's Armour         Ice            0%         N/A       100%        3
 Portal Projectile        Hex/Tloc       0%         N/A       100%        3
 Spider Form              Tmut/Pois      0%         N/A       100%        3
 Summon Guardian Golem    Hex/Summ       0%         N/A       100%        3
 Teleport Other           Tloc           0%         N/A       100%        3
 Tukima's Dance           Hex            0%         N/A       100%        3
 Vampiric Draining        Necr           0%         2d6       100%        3
 Airstrike                Air            0%         2d(0-16)  100%        4
 Anguish                  Hex/Necr       0%         N/A       100%        4
 Dispel Undead            Necr           0%         3d6       100%        4
 Flame Wave               Conj/Fire      0%         2d4       100%        4
 Ice Form                 Ice/Tmut       0%         N/A       100%        4
 Leda's Liquefaction      Hex/Erth       0%         N/A       100%        4
 Manifold Assault         Tloc           0%         N/A       100%        4
 Sticky Flame             Conj/Fire      0%         2d3       100%        4
 Summon Lightning Spire   Summ/Air       0%         N/A       100%        4
 Agony                    Necr           0%         N/A       100%        5
 Blade Hands              Tmut           0%         N/A       100%        5
 Borgnjor's Vile Clutch   Necr/Erth      0%         N/A       100%        5
 Irradiate                Conj/Tmut      0%         3d11      100%        5
 Lee's Rapid Deconstruct  Erth           0%         3d4*      100%        5
 Lightning Bolt           Conj/Air       0%         1d11      100%        5
 Summon Mana Viper        Hex/Summ       0%         N/A       100%        5
 Dispersal                Tloc           0%         N/A       100%        6
 Statue Form              Tmut/Erth      0%         N/A       100%        6
 Dragon Form              Tmut           0%         N/A       100%        7
 Ozocubu's Refrigeration  Ice            0%         4d7       100%        7
 Storm Form               Tmut/Air       0%         N/A       100%        7
 Borgnjor's Revivificati  Necr           0%         N/A       100%        8
 Simulacrum               Ice/Necr       Unusable   N/A       N/A         6

Dungeon Overview and Level Annotations

Branches:
Dungeon (15/15)            Temple (1/1) D:5            Lair (5/5) D:9
  Swamp (4/4) Lair:2        Snake (4/4) Lair:3        Slime (0/5) Lair:4
    Orc (2/2) D:9             Elf (2/3) Orc:2        Vaults (0/5) D:13
 Depths (3/4) D:15         WizLab (visited)         Gauntlet (visited)

Altars:
Ashenzari
Cheibriados
Dithmenos
Elyvilon
Fedhas
Gozag
Hepliaklqana
Kikubaaqudgha
Makhleb
Nemelex Xobeh
Okawaru
Qazlal
Ru
Sif Muna
Uskayaw
Vehumet
Wu Jian
Xom
Yredelemnul
Zin
The Shining One
Jiyva

Shops:
Orc:2 :**?   Elf:1 =   Depths:1 :*[!

Portals:
Hell: Depths:1 Depths:2 Depths:3
Abyss: Depths:3
Pandemonium: Depths:2

Annotations:
Abyss:1 Donald; Jorgrun; hofbold's ghost, journeyman OgMo


Innate Abilities, Weirdness & Mutations

You have a pair of horns on your head.
You reflexively headbutt those who attack you in melee.


Message History

A walking divine tome is nearby!
You puncture the walking divine tome!
The walking divine tome is lightly damaged.
You feel sick.
You are no longer poisoned.
The walking divine tome erupts in a flurry of living spells!
You impale the walking divine tome!! You headbutt the walking divine tome!!
The walking divine tome is heavily damaged.
The walking divine tome blinks!
The walking divine tome erupts in a flurry of living spells!
Press: ? - help, v - describe, . - travel
Here: a walking divine tome (heavily damaged, ally target)
The floor.
You barely miss the living spell. You headbutt the living spell.
You destroy the living spell!
The living spell casts itself at you. Something smites you!
The living spell casts itself at you. Something smites you!
The walking divine tome erupts in a flurry of living spells!
Press: ? - help, v - describe, . - travel
Here: a living smiting commandment (summoned)
The floor.
The living spell casts itself at you. Something smites you!
* * * LOW HITPOINT WARNING * * *
The living spell casts itself at you. Something smites you!
* * * LOW HITPOINT WARNING * * *
The walking divine tome erupts in a flurry of living spells!
The living spell casts itself at you. Something smites you!
* * * LOW HITPOINT WARNING * * *
The living spell casts itself at you. Something smites you!
* * * LOW HITPOINT WARNING * * *
The living spell casts itself at you. Something smites you!
You die...
Your body rises from the dead as a mindless zombie.

####...#...###.....#
#..#...##..*###...##
...##.##
#.;*###...## ....n.#
#*..###...## ......#
#*..###...# ......##
##.Z.###..# .......#
#.....#...# ......##
#)....## .......#
##@..## .......#
#...## .......#
#...## #.#....#
#..... ..####.#
#...#.. .##....#
#..#.#.#. ##.∩...#
#..####### #......#
... ##.....#


You could see a walking divine tome (ally target), 4 living smiting commandments
and a friendly spectral glowing orange brain.

Vanquished Creatures
  A juggernaut (Depths:3)
  Vashnia (Snake:4)
  2 golden dragons (Depths:3)
  2 bone dragons
  A doom hound (Depths:2)
  A tentacled monstrosity (Depths:3)
  3 liches
  Grunn (Depths:2)
  2 titans (Depths:1)
  A walking earthen tome (WizLab)
  A walking divine tome (Depths:3)
  Kirke (D:12)
  A shadow dragon (Depths:2)
  A fenstrider witch (Swamp:2)
  A tengu reaver (Depths:3)
  4 fire giants
  A deep elf sorcerer (Elf:1)
  The ghost of Zarkath the Tortoise, a journeyman BaFi of Uskayaw (Snake:1)
  7 frost giants
  A juggernaut zombie (Depths:1)
  An iron dragon (Depths:3)
  A ghoul (Swamp:4)
  2 orc warlords (Depths:1)
  A juggernaut skeleton (Depths:1)
  A spriggan defender (Depths:2)
  6 very ugly things
  7 stone giants
  An ophan (Depths:2)
  A putrid mouth (Depths:2)
  3 eleionomae
  Nessos (D:12)
  2 vampire knights
  A deep elf annihilator (Depths:1)
  A minotaur (Gauntlet)
  3 bunyips
  11 spark wasps
  A deep elf death mage (Elf:2)
  A merfolk javelineer (Depths:2)
  6 ettins (Depths:1)
  2 jiangshi (Depths:2)
  6 fire dragons
  5 great orbs of eyes
  10 hydras
  3 rakshasas
  2 vault guards (Depths:1)
  2 hell beasts (Depths:3)
  The ghost of Iry Ugg the Martial Artist, a journeyman TeTm of Wu Jian (Lair:3)
  2 salamander tyrants
  2 spriggan air magi (Depths:2)
  A caustic shrike simulacrum (Depths:1)
  3 ice dragons
  A boulder beetle (D:15)
  8 anacondas
  2 ogre magi (Orc:2)
  7 alligators
  5 ghost crabs
  A spriggan skeleton (Depths:1)
  3 centaur warriors
  33 dancing weapons
  6 deep troll shamans
  8 naga warriors
  4 death yaks (Gauntlet)
  19 two-headed ogres
  2 tengu warriors
  5 vampire magi
  6 deep troll earth magi
  4 shock serpents
  7 hell knights (Depths:3)
  10 naga sharpshooters
  A spriggan berserker (Depths:2)
  Sonja (D:13)
  Urug (D:13)
  11 deep elf knights
  3 salamander mystics (Snake:4)
  5 goliath frogs
  9 iron trolls
  A storm dragon skeleton (Depths:1)
  A spriggan rider (Swamp:2)
  3 flayed ghosts
  2 spriggan druids
  2 fire crabs (Swamp:4)
  A quicksilver dragon simulacrum (Depths:3)
  13 deep trolls
  5 bog bodies
  4 glowing orange brains
  A shadow dragon zombie (Depths:3)
  3 naga ritualists
  8 swamp dragons
  2 lindwurms
  A phantasmal warrior (D:15)
  20 deep elf zephyrmancers
  A tengu zombie (D:15)
  2 wizards
  6 deep elf archers
  6 necromancers
  25 deep elf pyromancers
  2 shadow dragon skeletons
  11 mana vipers
  A frost giant zombie (Depths:3)
  20 salamanders
  17 ugly things
  A frost giant skeleton (Depths:3)
  6 will-o-the-wisps
  A shining eye (Depths:2)
  3 manticores
  3 cyclopes
  32 black mambas
  3 guardian serpents
  3 naga magi
  3 torpor snails
  4 gargoyles
  7 cane toads
  An unseen horror (D:11)
  6 komodo dragons
  Maggie (Lair:2)
  Psyche (D:10)
  2 elves (Depths:1)
  4 rime drakes
  A tengu conjurer (Depths:1)
  A yaktaur (D:14)
  A guardian mummy (D:15)
  A tormentor (Depths:2)
  A freezing wraith (D:15)
  3 tyrant leeches
  A shadow dragon simulacrum (Depths:3)
  A polar bear (Lair:5)
  4 hornets
  4 trolls
  10 blink frogs
  6 slime creatures
  An iron dragon simulacrum (Depths:1)
  A spriggan zombie (D:15)
  A snapping turtle (shapeshifter) (Depths:3)
  2 air elementals
  2 shadows (D:10)
  8 water elementals
  12 yaks
  2 spriggans
  A vampire (Depths:1)
  A wraith (D:13)
  A hog (D:12)
  5 wyverns
  Eustachio (D:4)
  8 humans (D:13)
  A golden eye (Depths:2)
  4 basilisks
  3 steam dragons
  11 redbacks
  9 vampire mosquitoes
  26 nagas
  10 swamp worms
  4 acid dragons
  3 wargs
  14 water moccasins
  Duvessa (D:6)
  A floating eye (Depths:2)
  3 ice beasts
  3 sky beasts (D:8)
  9 orc warriors
  7 swamp drakes
  2 black bears
  17 wolves
  6 centaurs
  21 ogres
  A phantom (D:5)
  A lemure (Depths:1)
  Blork the orc (D:6)
  2 kobold brigands
  10 bullfrogs
  A human simulacrum (Depths:1)
  2 necrophages
  A glowing shapeshifter simulacrum (Depths:1)
  13 wights
  Dowan (D:6)
  2 killer bees (D:7)
  7 howler monkeys
  2 lava snakes
  5 hounds
  4 jellies
  2 gnoll boudas
  8 orc priests
  5 iguanas
  8 orc wizards
  6 hell rats (Lair:5)
  2 spectral hounds (Depths:1)
  Robin (D:2)
  8 adders
  27 gnolls
  3 white imps
  3 worms (D:2)
  2 dart slugs
  56 orcs
  4 bats
  7 endoplasms
  13 giant cockroaches
  16 goblins
  5 hobgoblins
  2 jackals (D:2)
  20 kobolds
  2 quokkas
  6 ball pythons
  5 frilled lizards
  9 rats
  A spectral goblin (D:3)
1034 creatures vanquished.

Vanquished Creatures (collateral kills)
  A juggernaut (Depths:2)
  A bone dragon (Depths:2)
  A doom hound (Depths:2)
  A lich (Depths:2)
  A walking earthen tome (WizLab)
  A tengu reaver (Depths:2)
  A frost giant (Depths:2)
  An iron dragon (Depths:2)
  2 nagarajas (Snake:4)
  A spriggan defender (Depths:2)
  2 stone giants
  2 very ugly things (Depths:2)
  A reaper (Depths:2)
  A vampire knight (Depths:2)
  A bunyip (Swamp:2)
  A spark wasp (Depths:2)
  An ettin (Depths:2)
  A yaktaur captain (Depths:1)
  4 fire dragons
  A shambling mangrove (Swamp:4)
  A vault guard (Depths:1)
  6 hydras
  2 spriggan air magi
  3 rakshasas (WizLab)
  3 salamander tyrants (Snake:4)
  A catoblepas (Lair:5)
  3 ogre magi (Orc:2)
  4 anacondas
  7 two-headed ogres (Orc:2)
  7 dancing weapons
  2 alligators
  4 deep troll shamans
  3 tengu warriors
  3 deep troll earth magi
  3 shock serpents
  3 naga warriors
  2 spriggan berserkers (Depths:1)
  3 naga sharpshooters
  5 deep elf knights (Elf:2)
  An iron troll (Depths:2)
  A spriggan druid (Swamp:3)
  A salamander mystic (Snake:3)
  A spriggan rider (Swamp:2)
  A swamp dragon (Swamp:4)
  3 deep trolls
  3 goliath frogs
  2 naga ritualists
  6 deep elf pyromancers
  A deep elf archer (Elf:2)
  A mana viper (Snake:3)
  2 necromancers
  4 deep elf zephyrmancers
  A cyclops (Depths:1)
  A stone giant zombie (D:15)
  8 ugly things
  A slime creature (Lair:3)
  2 manticores (Lair:5)
  10 black mambas
  An eye of devastation (Depths:2)
  5 salamanders
  A guardian serpent (Snake:4)
  2 naga magi
  2 cane toads
  The ghost of twist the Insei, a novice OpCA of Ignis (D:5)
  2 komodo dragons
  An unseen horror (D:11)
  A tengu conjurer (Depths:2)
  An elf (Depths:1)
  A tyrant leech (Swamp:4)
  2 trolls
  A bloated husk (Swamp:3)
  3 hornets
  4 blink frogs
  An air elemental (Elf:1)
  A basilisk (Lair:5)
  A spriggan (Depths:2)
  A hog (D:12)
  2 wyverns
  3 water elementals (Depths:2)
  3 yaks (Lair:4)
  2 vampire mosquitoes
  A golden eye (Depths:2)
  11 humans (D:13)
  A steam dragon (Swamp:4)
  A small abomination (Depths:1)
  12 redbacks
  3 salamander zombies (Snake:4)
  3 swamp worms
  An acid dragon (Lair:5)
  9 nagas
  A water moccasin (Lair:4)
  3 swamp drakes
  2 orc warriors (Orc:2)
  7 ogres (Orc:2)
  3 wolves
  2 bullfrogs
  A kobold brigand (D:6)
  A necrophage (Swamp:4)
  An earth elemental (Elf:1)
  A gnoll sergeant (D:7)
  A killer bee (D:7)
  An electric eel (Lair:2)
  2 jellies
  A hound (D:7)
  A gnoll bouda (D:7)
  An orc priest (Orc:2)
  3 iguanas
  4 orc wizards
  5 gnolls (D:7)
  A steam dragon zombie (Swamp:4)
  2 white imps
  12 orcs
  3 kobolds
284 creatures vanquished.

Vanquished Creatures (others)
  A spectral caustic shrike (Depths:2)
  3 very ugly thing zombies
  A spectral hydra (Swamp:4)
  A spectral ophan (Depths:2)
  2 spark wasp zombies (Depths:2)
  2 anaconda zombies (Snake:4)
  A golden dragon zombie (Depths:3)
  A spectral elf (Elf:2)
  A wizard (Depths:1)
  A spectral salamander (Snake:4)
  3 ugly thing zombies
  A deep elf zephyrmancer (Elf:2)
  A naga ritualist (Snake:4)
  2 goliath frog zombies
  A stone giant zombie (Depths:1)
  2 shock serpent zombies
  2 frost giant zombies
  2 centaur zombies
  Maurice (D:12)
  2 spectral rakshasas
  A death yak zombie (Gauntlet)
  4 spriggan zombies
  An unseen horror zombie (D:11)
  8 redback zombies
  4 swamp worm zombies
  3 mana viper zombies
  A bloated husk (Swamp:2)
  2 spectral glowing orange brains (Depths:1)
  An ettin zombie (Depths:1)
  A guardian serpent zombie (Snake:3)
  An alligator zombie (Swamp:4)
  3 fire dragon zombies
  An ice dragon zombie (Depths:2)
  2 great orb of eyes zombies (Depths:2)
  16 black mamba zombies
  A human (D:12)
  A basilisk (Lair:5)
  A spectral hell beast (Depths:3)
  2 steam dragons (Swamp:4)
  A golden eye (Depths:2)
  A warg (Depths:1)
  5 two-headed ogre zombies
  6 deep troll zombies
  2 human zombies
  8 ogre zombies (Orc:2)
  An acid dragon (Lair:5)
  A tengu zombie (Depths:1)
  3 cane toad zombies
  2 swamp drakes (Swamp:4)
  A spectral shining eye (Depths:2)
  A small abomination (Depths:1)
  14 elf zombies
  A spectral eye of devastation (Depths:2)
  3 hornet zombies
  2 swamp dragon zombies (Swamp:4)
  A boggart (Depths:1)
  2 blink frog zombies
  A torpor snail zombie (Gauntlet)
  6 vampire mosquito zombies
  5 salamander zombies
  A cyclops zombie (D:14)
  3 water moccasin zombies
  A warg zombie (Depths:1)
  5 wolf zombies
  A basilisk zombie (Lair:1)
  A black bear zombie (D:7)
  2 bullfrog zombies
  A boggart zombie (Depths:1)
  2 sky beast zombies (D:8)
  14 naga zombies
  2 hound zombies (D:7)
  4 hell rat zombies (Lair:5)
  A swamp drake zombie (Swamp:4)
  An iguana zombie (Lair:5)
  A lava snake zombie (Snake:4)
  21 orc zombies
  A spectral white imp (Gauntlet)
  An adder zombie (D:5)
  An orc (D:9)
  2 gnoll zombies (D:7)
  3 kobold zombies
  47 foxfires
  60 fungi
  96 plants
  A withered plant (D:15)
425 creatures vanquished.

Grand Total: 1743 creatures vanquished

Notes
Turn   | Place    | Note
-------+----------+-------------------------------------------
     0 | D:1      | Bnni the Minotaur Fighter began the quest for the Orb.
     0 | D:1      | Reached XP level 1. HP: 19/19 MP: 0/0
   182 | D:1      | Reached XP level 2. HP: 22/27 MP: 1/1
   845 | D:2      | Reached XP level 3. HP: 33/33 MP: 2/2
   884 | D:2      | Noticed Robin
  1025 | D:1      | Reached XP level 4. HP: 20/40 MP: 3/3
  1573 | D:2      | Reached XP level 5. HP: 10/47 MP: 4/4
  1930 | D:2      | Killed Robin
  1931 | D:2      | Reached skill level 5 in Polearms
  2644 | D:3      | Found a faded altar of an unknown god.
  2916 | D:4      | Reached skill level 5 in Fighting
  2916 | D:4      | Reached skill level 5 in Shields
  2994 | D:4      | Noticed a black bear
  3007 | D:4      | Killed a black bear
  3008 | D:4      | Reached XP level 6. HP: 40/56 MP: 5/5
  3252 | D:4      | Found a white marble altar of Elyvilon.
  3338 | D:4      | Noticed Eustachio
  3353 | D:4      | Killed Eustachio
  3354 | D:4      | Reached XP level 7. HP: 37/63 MP: 3/6
  3782 | D:5      | Entered Level 5 of the Dungeon
  3788 | D:5      | Identified the +7 mace of the Insatiable Shrikes {venom,
                  | rC+ Dex+6}
  4073 | D:5      | Found a staircase to the Ecumenical Temple.
  4088 | Temple   | Entered the Ecumenical Temple
  4161 | Temple   | Became a worshipper of Yredelemnul the Dark
  4344 | D:5      | Found a shadowy altar of Dithmenos.
  4401 | D:5      | Reached XP level 8. HP: 39/73 MP: 1/7
  4600 | D:5      | Found a runed translucent door.
  4608 | D:5      | Noticed twist's ghost (novice OpCA)
  4617 | D:5      | Killed twist's ghost
  4618 | D:5      | Reached skill level 10 in Polearms
  4819 | D:5      | Reached * piety under Yredelemnul
  4848 | D:5      | Reached skill level 8 in Invocations
  4848 | D:5      | Reached XP level 9. HP: 81/81 MP: 7/14
  5169 | D:6      | Reached ** piety under Yredelemnul
  5425 | D:6      | Noticed Dowan
  5425 | D:6      | Noticed Duvessa
  5431 | D:6      | Killed Dowan
  5433 | D:6      | Killed Duvessa
  5434 | D:6      | Reached skill level 5 in Armour
  5489 | D:6      | Noticed Blork the orc
  5496 | D:6      | Reached *** piety under Yredelemnul
  5497 | D:6      | Killed Blork the orc
  5660 | D:6      | Reached **** piety under Yredelemnul
  5762 | D:7      | Found a snail-covered altar of Cheibriados.
  5800 | D:7      | Reached XP level 10. HP: 71/90 MP: 12/15
  5926 | D:7      | Identified the +8 glaive "Dodocy" {speed, rElec rF- rC+++
                  | Will+}
  6217 | D:7      | Found an iron altar of Okawaru.
  6353 | D:7      | Found a hazy altar of Hepliaklqana.
  8051 | D:9      | Noticed a two-headed ogre
  8059 | D:9      | Killed a two-headed ogre
  8109 | D:9      | Found a staircase to the Lair.
  8114 | D:9      | Found a blossoming altar of Fedhas.
  8164 | D:9      | Reached skill level 15 in Polearms
  8313 | D:9      | Found a staircase to the Orcish Mines.
  8388 | D:10     | Entered Level 10 of the Dungeon
  8426 | D:10     | Noticed a two-headed ogre
  8431 | D:10     | Killed a two-headed ogre
  8432 | D:10     | Reached XP level 11. HP: 77/99 MP: 12/16
  8589 | D:10     | Identified the +4 scale mail of the Dungeon {Dex+7}
  8655 | D:10     | Noticed Psyche
  8661 | D:10     | Killed Psyche
  8662 | D:10     | Reached skill level 9 in Invocations
  8810 | D:10     | Noticed a two-headed ogre
  8816 | D:10     | Killed a two-headed ogre
  8817 | D:10     | Reached skill level 10 in Fighting
  8906 | D:10     | You fall into a shaft and drop 1 floor!
  9071 | D:11     | Noticed a brown ugly thing
  9077 | D:11     | Killed a brown ugly thing
  9099 | D:11     | Reached ***** piety under Yredelemnul
  9172 | D:11     | Found a gate leading to a gauntlet.
  9289 | Gauntlet | Entered a Gauntlet
  9289 | Gauntlet | Found a transporter.
  9289 | Gauntlet | Found a transporter.
  9295 | Gauntlet | Found a transporter.
  9310 | Gauntlet | Found a transporter.
  9320 | Gauntlet | Noticed a wizard
  9324 | Gauntlet | Found a transporter.
  9324 | Gauntlet | Found a transporter.
  9326 | Gauntlet | Found a transporter.
  9327 | Gauntlet | Found a transporter.
  9327 | Gauntlet | Found a transporter.
  9329 | Gauntlet | Noticed a death yak
  9329 | Gauntlet | Noticed a death yak
  9330 | Gauntlet | Noticed a death yak
  9331 | Gauntlet | Found a runed translucent door.
  9331 | Gauntlet | Found a runed translucent door.
  9331 | Gauntlet | Noticed a death yak
  9338 | Gauntlet | Found a runed translucent door.
  9340 | Gauntlet | Found a transporter.
  9356 | Gauntlet | Found a transporter.
  9358 | Gauntlet | Found a runed translucent door.
  9363 | Gauntlet | Found a runed translucent door.
  9370 | Gauntlet | Noticed a catoblepas
  9373 | Gauntlet | Noticed a dire elephant
  9446 | Gauntlet | Found a transporter.
  9459 | Gauntlet | Found a transporter.
  9481 | Gauntlet | Found a transporter.
  9629 | Gauntlet | Killed a wizard
  9669 | Gauntlet | Killed a death yak
  9675 | Gauntlet | Killed a death yak
  9696 | Gauntlet | Killed a death yak
  9698 | Gauntlet | Killed a death yak
  9699 | Gauntlet | Reached skill level 10 in Invocations
  9713 | Gauntlet | Noticed a minotaur
  9727 | Gauntlet | Killed a minotaur
  9728 | Gauntlet | Reached XP level 12. HP: 51/110 MP: 18/18
  9733 | Gauntlet | Found the +8 demon trident "Rift" {distort, reach+}
 10216 | D:12     | Noticed Nessos
 10240 | D:12     | Killed Nessos
 10725 | D:12     | Noticed Kirke
 10736 | D:12     | Killed Kirke
 10905 | D:12     | Noticed Fannar
 10905 | D:12     | Noticed Maurice
 10919 | D:12     | Killed Maurice
 10923 | D:12     | Killed Fannar
 10923 | D:12     | Enslaved Fannar
 11588 | D:13     | Identified the +0 chain mail of Intuition {-Tele Rampage
                  | Int+2 Dex+2}
 11596 | D:13     | Found a glowing silver altar of Zin.
 11615 | D:13     | Noticed a tengu warrior
 11624 | D:13     | Killed a tengu warrior
 11747 | D:13     | Noticed Sonja
 11753 | D:13     | Killed Sonja
 11976 | D:13     | Noticed a two-headed ogre
 11982 | D:13     | Killed a two-headed ogre
 12028 | D:13     | Reached skill level 11 in Invocations
 12334 | D:13     | Noticed a two-headed ogre
 12338 | D:13     | Killed a two-headed ogre
 12424 | D:13     | Noticed Urug
 12437 | D:13     | Killed Urug
 12509 | D:13     | Reached XP level 13. HP: 119/119 MP: 20/20
 12526 | D:13     | Reached ****** piety under Yredelemnul
 12578 | D:13     | Found a gate to the Vaults.
 12706 | D:14     | Identified the ring "Kucuheng" {Wiz rC- rCorr Str+7}
 13451 | D:14     | Found a white marble altar of Elyvilon.
 13700 | D:15     | Entered Level 15 of the Dungeon
 13810 | D:15     | Found an ancient bone altar of Kikubaaqudgha.
 13872 | D:15     | Found a staircase to the Depths.
 13890 | D:15     | Reached skill level 12 in Invocations
 14042 | Lair:1   | Entered Level 1 of the Lair of Beasts
 14456 | Lair:1   | Found a runed translucent gate.
 14456 | Lair:1   | Found a runed translucent gate.
 14456 | Lair:1   | Found a runed translucent gate.
 14465 | Lair:1   | Noticed a minotaur
 14467 | Lair:1   | Noticed hofbold's ghost (journeyman OgMo)
 14473 | Lair:1   | Banished a minotaur
 14474 | Lair:1   | Reached skill level 10 in Shields
 14491 | Lair:1   | Banished hofbold's ghost
 14492 | Lair:1   | Reached XP level 14. HP: 132/132 MP: 22/22
 15092 | Lair:2   | Noticed Maggie
 15096 | Lair:2   | Killed Maggie
 15423 | Lair:2   | Found a staircase to the Swamp.
 15704 | Lair:3   | Found a runed translucent gate.
 15704 | Lair:3   | Found a runed translucent gate.
 15705 | Lair:3   | Found a runed translucent gate.
 15752 | Lair:3   | Noticed Iry Ugg's ghost (journeyman TeTm)
 15755 | Lair:3   | Found a viscous altar of Jiyva.
 15766 | Lair:3   | Killed Iry Ugg's ghost
 15933 | Lair:3   | Reached skill level 13 in Invocations
 16208 | Lair:3   | Found a staircase to the Snake Pit.
 16849 | Lair:4   | Found a staircase to the Slime Pits.
 16883 | Lair:4   | You fall into a shaft and drop 1 floor!
 16883 | Lair:5   | Entered Level 5 of the Lair of Beasts
 17372 | Lair:4   | Reached skill level 15 in Fighting
 17917 | Lair:5   | Reached skill level 14 in Invocations
 18174 | Lair:5   | Identified the ring "Jotoa" {*Corrode rPois rN+++ MP+9
                  | Int+6}
 18502 | Lair:5   | Reached XP level 15. HP: 136/141 MP: 19/24
 19134 | Orc:1    | Entered Level 1 of the Orcish Mines
 19301 | Orc:2    | Entered Level 2 of the Orcish Mines
 19383 | Orc:2    | Reached skill level 10 in Armour
 19511 | Orc:2    | Reached skill level 15 in Invocations
 19559 | Orc:2    | Found Zuighath's Book Shop.
 19559 | Orc:2    | Found Kaacocha's General Store.
 19565 | Orc:2    | Found Goec's Assorted Antiques.
 19565 | Orc:2    | Found Fygimeh's Magic Scroll Boutique.
 19675 | Orc:2    | Bought a scroll of identify for 34 gold pieces
 19679 | Orc:2    | Bought a scroll of identify for 28 gold pieces
 19679 | Orc:2    | Bought a scroll of identify for 28 gold pieces
 19679 | Orc:2    | Bought a scroll of identify for 28 gold pieces
 19679 | Orc:2    | Bought a scroll of identify for 28 gold pieces
 19680 | Orc:2    | Bought a scroll labelled MID SA SOGO for 23 gold pieces
 19680 | Orc:2    | Bought a scroll labelled XEAHEGEPI for 23 gold pieces
 19685 | Orc:2    | Found a staircase to the Elven Halls.
 20073 | Elf:1    | Entered Level 1 of the Elven Halls
 20386 | Elf:1    | Paralysed by an air elemental for 1 turns
 20430 | Elf:1    | Reached skill level 16 in Invocations
 20625 | Elf:1    | Noticed a deep elf sorcerer
 20634 | Elf:1    | Killed a deep elf sorcerer
 20648 | Elf:1    | Found Umiumes's One-of-a-Kind Rings.
 20788 | Elf:1    | Paralysed by an air elemental for 1 turns
 20837 | Elf:1    | Reached XP level 16. HP: 63/154 MP: 27/27
 21617 | Elf:2    | Reached skill level 1 in Dodging
 21618 | Elf:2    | Found a runed translucent gate.
 21618 | Elf:2    | Found a runed translucent gate.
 21619 | Elf:2    | Found a runed translucent gate.
 21776 | Elf:2    | Reached skill level 17 in Invocations
 22255 | Elf:2    | Paralysed by an air elemental for 1 turns
 22279 | Elf:2    | Your ally Fannar died
 23116 | Elf:2    | Reached XP level 17. HP: 162/162 MP: 28/28
 23515 | Elf:2    | Reached skill level 18 in Invocations
 24236 | Snake:1  | Entered Level 1 of the Snake Pit
 24326 | Snake:1  | Identified the +8 hand axe "Killer Klown's Curse" {vorpal,
                  | rElec Int-2 Dex+4}
 24328 | Snake:1  | Noticed Donald
 24338 | Snake:1  | Banished Donald
 24339 | Snake:1  | Reached XP level 18. HP: 114/171 MP: 30/30
 24518 | Snake:1  | Found a large runed translucent door.
 24519 | Snake:1  | Found a large runed translucent door.
 24542 | Snake:1  | Noticed Zarkath's ghost (journeyman BaFi)
 24561 | Snake:1  | Killed Zarkath's ghost
 26840 | Snake:3  | Reached skill level 19 in Invocations
 27257 | Snake:4  | Entered Level 4 of the Snake Pit
 27695 | Snake:4  | Noticed Vashnia
 28159 | Snake:4  | Reached skill level 10 in Dodging
 28169 | Snake:4  | Killed Vashnia
 28301 | Snake:4  | Reached skill level 15 in Armour
 28306 | Snake:4  | Reached XP level 19. HP: 145/182 MP: 31/31
 29256 | Snake:4  | Reached skill level 20 in Invocations
 29534 | Snake:4  | Got a serpentine rune of Zot
 29809 | Swamp:1  | Entered Level 1 of the Swamp
 30526 | Swamp:2  | Noticed Jorgrun
 30539 | Swamp:2  | Banished Jorgrun
 30854 | Swamp:2  | Identified a scroll of acquirement
 30878 | Swamp:2  | Acquired 892 gold pieces
 32377 | Swamp:4  | Entered Level 4 of the Swamp
 33141 | Swamp:4  | Reached skill level 21 in Invocations
 33547 | Swamp:4  | Got a decaying rune of Zot
 34344 | Depths:1 | Entered Level 1 of the Depths
 34353 | Depths:1 | Reached XP level 20. HP: 168/188 MP: 33/33
 34945 | Depths:1 | Found a radiant altar of Vehumet.
 34963 | Depths:1 | Identified the +0 pair of boots "Poacyegyst" {rC+}
 35195 | Depths:1 | Found The Legendary Fuottana's Legendary Smithy.
 35237 | Depths:1 | Found Xiroren's General Store.
 35257 | Depths:1 | Bought a scroll of enchant armour for 97 gold pieces
 35281 | Depths:1 | Found a white marble altar of Elyvilon.
 35340 | Depths:1 | Found Powippy's Miraculous Elixirs.
 35556 | Depths:1 | Found a gateway to Hell.
 35698 | Depths:1 | Reached skill level 22 in Invocations
 36461 | Depths:1 | Found Judonlir's Tremendous Tomes.
 36518 | Depths:1 | Identified the +8 sling "Rumep" {antimagic, Will- Str+3}
 37255 | Depths:1 | Noticed a bone dragon
 37303 | Depths:1 | Killed a bone dragon
 37339 | Depths:1 | Got the Catalogue of Exhumation
 37494 | Depths:2 | Noticed Grunn
 37494 | Depths:2 | Noticed a doom hound
 37574 | Depths:2 | Reached XP level 21. HP: 174/204 MP: 35/35
 37672 | Depths:2 | Killed Grunn
 37685 | Depths:2 | Found a one-way gate leading to the halls of Pandemonium.
 37705 | Depths:2 | Found a magical portal.
 37804 | WizLab   | Entered Tukima's Studio
 37849 | WizLab   | Identified the +7 hand crossbow of Meyxiasy {speed, rPois
                  | Str+3 Int-3 Dex+4}
 37867 | WizLab   | Noticed Bnni's illusion
 37906 | WizLab   | Reached skill level 23 in Invocations
 37929 | WizLab   | Found the +3 hat of Pondering {ponderous, Will+ MP+10
                  | Int+5}
 38032 | WizLab   | Identified the +3 hand crossbow "Efunkyen" {speed, Str+4}
 38077 | WizLab   | Got the Cyclopedia of the Albatross
 38087 | WizLab   | Identified the +2 pair of gloves of the Gusle {Harm rF++
                  | Regen+ Str+3 Dex-2}
 38093 | WizLab   | Identified the +1 cloak of Jixuv {Regen+}
 38328 | Depths:2 | Identified the +1 pair of gloves of Sorcery {rElec Str+4}
 38448 | Depths:2 | Identified the +7 plate armour of Byriug {rElec Will+}
 38478 | Depths:2 | Noticed a caustic shrike
 38487 | Depths:2 | Killed a caustic shrike
 38487 | Depths:2 | Enslaved a caustic shrike
 38581 | Depths:2 | Noticed a juggernaut
 38598 | Depths:2 | Killed a juggernaut
 38609 | Depths:2 | Identified the +8 halberd of Causality {freeze, rCorr}
 39208 | Depths:2 | Paralysed by a floating eye for 2 turns
 39443 | Depths:2 | Paralysed by something for 5 turns
 39455 | Depths:2 | HP: 1/207 [vampire knight/vampiric draining (19)]
 39456 | Depths:2 | Paralysed by a vampire knight for 3 turns
 39832 | Depths:3 | Reached skill level 24 in Invocations
 39868 | Depths:3 | Acquired a manual of Shields
 39874 | Depths:3 | Identified the +7 flail of Yresu {vorpal, rElec}
 39975 | Depths:3 | Found a one-way gate to the infinite horrors of the Abyss.
 40155 | Depths:3 | Reached XP level 22. HP: 198/199 MP: 37/37
 40182 | Depths:3 | Noticed a golden dragon
 40187 | Depths:3 | Killed a golden dragon
 40761 | Depths:3 | Noticed a juggernaut
 40767 | Depths:3 | Killed a juggernaut
 40844 | Depths:3 | Noticed a golden dragon
 40850 | Depths:3 | Killed a golden dragon
 40891 | Depths:3 | Killed from afar by a living spell

Illustrated notes

Levels and vault maps discovered:
D:1:      elethiomel_arrival_quiet, layout_basic, grunt_decor_cap,
          minmay_pentomino_x4
D:2:      minmay_roachtagon, layout_loops_ring, uniq_robin
D:3:      layout_basic, dreamdust_ecumenical_altar_drowned_temple,
          eino_tiny_chamber, minivault_23
D:4:      layout_loops_cross, lemuel_crystal_altar, uniq_eustachio
D:5:      layout_rooms, grunt_dithmenos_smoke_and_mirrors,
          minmay_temple_entry_gardened_gates, ebering_ghost_reflecting_pool,
          minmay_misc_feat_chi, minmay_between
D:6:      layout_rooms, minmay_misc_feat_more_columns, uniq_duvessa,
          uniq_blork_the_orc
D:7:      layout_basic, mainiacjoe_overflow_boulevard,
          nicolae_hepliaklqana_hazy_memory, okawaru_ov_weapons_minmay,
          dreamdust_gnoll_farm
D:8:      layout_basic, special_room [special_room_orc]
D:9:      layout_rooms, fedhas_altar_3, lair_entry_dummy, orc_0_dummy
D:10:     layout_gridville, serial_shops, shop, uniq_psyche
D:11:     layout_cross, gauntlet_entry_generic
D:12:     layout_loops_ring, uniq_kirke, uniq_maurice, uniq_nessos, uniq_fannar
D:13:     layout_rooms, grunt_vaults_entry_tiered, drop_trap, zin_scriptorium,
          uniq_sonja, uniq_urug
D:14:     layout_cave_pods, lemuel_round_altar
D:15:     gammafunk_depths_entry_grave, layout_irregular_city,
          nrook_mini_backslash, nicolae_kikubaaqudgha_miasma_corner
Temple:   nicolae_temple_bog_church
Lair:1:   layout_gridlike, maelrawn_ghost_gauntlet_escape,
          chequers_serial_rivers_micro_c, chequers_serial_rivers_marsh
Lair:2:   layout_gridlike, skrybe_swamp_entry_bodies, serial_bayou_pond_a,
          uniq_maggie
Lair:3:   layout_cave_pods, minmay_snake_entry_guardpost_large,
          gammafunk_ghost_ooze, grunt_megastairs_1
Lair:4:   layout_cave_pods, dpeg_slime_entry_corner,
          nicolae_quartered_pool_impasse
Lair:5:   hangedman_lair_in_review, layout_cave_shapes, guppyfry_lair_end_dragon
Swamp:1:  layout_falls_marsh, hangedman_swamp_cone
Swamp:2:  layout_falls_marsh, nicolae_swamp_decorative_isthmus,
          nicolae_swamp_very_dense_foliage, infiniplex_staircase_pool,
          uniq_jorgrun
Swamp:3:  layout_basic_swamp, evilmike_swamp_ruin_house_3
Swamp:4:  swamp_fiery, layout_basic_swamp
Snake:1:  layout_cave_shapes, ebering_ghost_disaster_area, grunt_megastairs_4,
          uniq_donald
Snake:2:  layout_onion, lemuel_fruit_tree
Snake:3:  layout_gridlike, st_stairs_14
Snake:4:  grunt_snake_rune_pools, layout_basic, uniq_vashnia
Orc:1:    layout_caves, serial_shops, shop
Orc:2:    st_orc_ogre_mass, layout_caves
Elf:1:    layout_geoelf_diagonals, minmay_elf_crystal_heptagon,
          nicolae_shop_unique_rings, minmay_misc_feat_diagonals
Elf:2:    nicolae_elf_blades_splatter_lattice
          [nicolae_blade_entry_area_security], layout_gridlike, minivault_25,
          nicolae_elf_deep_friendship
Depths:1: grated_community_mu [grated_community_mu_vampire_home,
          grated_community_mu_giant_home, grated_community_mu_spellcaster_home,
          grated_community_mu_orcish_home, grated_community_mu_troll_home,
          grated_community_mu_taur_home, grated_community_mu_unbuilt_plot],
          layout_cave_shapes, kennysheep_crisscross, hell_entry, drop_trap,
          nicolae_shop_i_like_big_books, grunt_ministairs_11,
          hangedman_research_thanatology
Depths:2: kennysheep_large_spiral, layout_cave_shapes, pan_entry, hell_entry,
          mu_enter_wizlab_2, hangedman_abyss_or_decor_clamps, drop_trap,
          hangedman_eye_storm, uniq_grunn
Depths:3: minmay_three_patterns, layout_honeycomb, corexii_hall_statues_i,
          grunt_mini_vestibule, abyss_entry, infiniplex_staircase_zigzag_5,
          grunt_megastairs_2

Skill      XL: |  1  2  3  4  5  6  7  8  9 10 11 12 13 14 15 16 17 18 19 20 21 22 |
---------------+-------------------------------------------------------------------+-----
Polearms       | 3 4 6 7 9 14 15 17 18 19 | 19.0
Fighting       | 4 5 6 7 8 9 11 12 14 15 16 17 19 20 21 22 | 22.6
Shields        | 4 5 6 10 11 | 11.4
Invocations    | 8 10 11 12 14 16 17 18 19 21 22 24 | 24.3
Armour         | 5 7 9 11 13 15 16 17 19 | 19.6
Dodging        | 7 10 11 | 11.8

Action                   |  1- 3 |  4- 6 |  7- 9 | 10-12 | 13-15 | 16-18 | 19-21 | 22-24 || total
-------------------------+-------+-------+-------+-------+-------+-------+-------+-------++-------
Melee: Trident           |    77 |   207 |    38 |       |       |       |       |       ||   322
       Headbutt          |    10 |    33 |    30 |    49 |    48 |    56 |   221 |    16 ||   463
       Mace              |       |       |    94 |    20 |       |       |       |       ||   114
       Glaive            |       |       |       |   401 |       |       |       |       ||   401
       Demon trident     |       |       |       |     8 |   726 |   752 |  1625 |   103 ||  3214
Throw: Dart              |       |     1 |     2 |     5 |       |       |     1 |       ||     9
       Throwing net      |       |       |       |     4 |     1 |       |       |       ||     5
       Boomerang         |       |       |       |     1 |       |       |       |       ||     1
       Javelin           |       |       |       |       |       |       |     2 |     1 ||     3
Invok: Dark Bargain      |       |       |     1 |    12 |     9 |    10 |    16 |     2 ||    50
       Recall Undead Har |       |       |       |     6 |     5 |     5 |    13 |     2 ||    31
       Bind Soul         |       |       |       |     1 |       |       |     5 |       ||     6
       Drain Life        |       |       |       |       |     3 |     3 |     3 |       ||     9
Evoke: Wand              |       |       |       |       |       |       |     3 |       ||     3
  Use: Potion            |       |     1 |     2 |     1 |     2 |     7 |    16 |       ||    29
       Scroll            |       |     1 |     7 |     6 |    17 |     4 |    28 |       ||    63
 Stab: Distracted        |       |       |       |     2 |     9 |     7 |    16 |     1 ||    35
       Fleeing           |       |       |       |       |       |     1 |     1 |       ||     2
       Paralysed         |       |       |       |       |       |       |     7 |       ||     7
Armor: Scale mail        |    24 |    37 |       |       |       |       |       |       ||    61
       Chain mail        |       |    71 |    71 |    15 |       |       |       |       ||   157
       Storm dragon scal |       |       |       |    89 |   134 |   173 |   254 |       ||   650
       Crystal plate arm |       |       |       |       |       |       |   483 |    19 ||   502
Dodge: Dodged            |    33 |    84 |    37 |    90 |    65 |   163 |   431 |     8 ||   911
Block: Buckler           |    26 |    43 |    44 |     8 |       |    44 |       |       ||   165
       Kite shield       |       |       |       |       |   107 |   120 |   521 |     8 ||   756

Table legend: (Time is in decaauts)
 A = Elapsed time spent in this place.
 B = Non-inter-level travel time spent in this place.
 C = Inter-level travel time spent in this place.
 D = Time resting spent in this place.
 E = Time spent auto-exploring this place.
 F = Levels seen in this place.
 G = Mean time per level.
                   A        B        C        D        E       F      G
               +--------+--------+--------+--------+--------+-----+--------+
         Total |  40284 |  38335 |   1949 |   4128 |  26115 |  38 | 1060.1 |
       Dungeon |  14851 |  13924 |    927 |   1338 |  10304 |  15 |  990.1 |
        Temple |     96 |     77 |     19 |      0 |     56 |   1 |   96.0 |
          Lair |   4970 |   4590 |    380 |      0 |   3868 |   5 |  994.0 |
         Swamp |   3994 |   3891 |    103 |    517 |   2716 |   4 |  998.5 |
     Snake Pit |   5376 |   5171 |    205 |    749 |   3485 |   4 | 1344.0 |
  Orcish Mines |    949 |    896 |     53 |      0 |    734 |   2 |  474.5 |
   Elven Halls |   3930 |   3785 |    145 |    990 |   2093 |   2 | 1965.0 |
        Depths |   5164 |   5050 |    114 |    162 |   2789 |   3 | 1721.3 |
        Wizlab |    366 |    366 |      0 |     99 |     48 |   1 |  366.0 |
      Gauntlet |    584 |    584 |      0 |    272 |     19 |   1 |  584.0 |
               +--------+--------+--------+--------+--------+-----+--------+

Top non-repeatable levels by time:
Depths:1: 2301 daAuts
 Snake:4: 2083 daAuts
   Elf:1: 1994 daAuts
   Elf:2: 1936 daAuts
Depths:2: 1819 daAuts
    D:15: 1498 daAuts
 Snake:3: 1373 daAuts
 Swamp:2: 1368 daAuts
     D:7: 1214 daAuts
 Snake:1: 1153 daAuts
    D:13: 1152 daAuts
     D:1: 1138 daAuts
     D:2: 1136 daAuts
  Lair:5: 1128 daAuts
    D:14: 1104 daAuts
